r e k t, neutral male scurrid Tourist ------------------------- -------------- |.%.......).............| ...........l!| |...!................!..| ..........}}.....| ---------.F....}}}}.........l...--------- ...}}T}.....}}}}....x- }}}.....}}}..}}}}}}..........}}}}.........}}}.i}}....}}j.. }....}}.}}}}....}}...}}}..}}..}}}}}..}}}}.......` }}}............}}}}}.}}}.......}}}}}}}R ..........j...}}............. -.......................- |..>....)...............| -....@...}}}}....}}.....- }........x.}}}.....d...}}}......}}}......%.}}}}}} |}}}}........}}}...g.........}..G}}..}}}}}}....}}`}``..`}}}...}}}....}}}| |}}}}}}}}..}}}/}}}}}}.........}}}......}}}}}....e....}}}}........}}}}}}}| |}}}}}}.Q}}}........}}}...}}}}............}}}}}.'}}}}c}}}}}........}}}}}| ---------Q.............}}}......--------- .)}}}....}}}}}}.....--------- |...................u...| .`....}}......| |.....*..............?..| ........| ------------------------- --------- r e k t the Rambler Experience level: 1 Strength: 10 Dexterity: 14 Constitution: 14 Intelligence: 13 Wisdom: 8 Charisma: 15 Health: 0(9) Energy: 2(2) Def: 0 Gold: 684 Moves: 37 Dungeon seed: c6K9ZNYyC89YxmiW Game ID: r e k t_1498624941 Your Inventory: Coins $ - 684 gold pieces Weapons a - 52 uncursed +2 darts (in quiver) Potions i - an uncursed potion of extra healing j - a blessed potion of extra healing Wands n - an uncursed wand of secret door detection (0:15) Tools l - an uncursed expensive camera (0:33) m - an uncursed credit card Spells and supernatural/magical abilities: Name Level Category Fail Memory W - pray for help -- divine ? -- Your skills at the end: Miscellaneous Skills wands [Basic] Weapon Skills dart [Basic] Spellcasting Skills Final Attributes: You were devoutly aligned. You had infravision. You were very stealthy. You are dead. Voluntary challenges: You went without food. You did not adorn yourself with jewelry or accessories. You did not cause conflict. You were not invisible. You did not have reflection. You were not displaced. You were an atheist. You never hit with a wielded weapon. You were a pacifist. You did not use tools. You did not use plumbed fixtures. You did not drink any magical draughts. You were illiterate. You never genocided any monsters. You never polymorphed an object. You never changed form. You used no wishes. You never split a pudding. You never wrote Elbereth's name. You never violated your personal moral code. Dungeon overview: The Dungeons of Doom: levels 1 to 15 Level 1 a long staircase Level 2 Level 3 Level 4 Level 5 Level 6 Level 7 Level 8 Level 9 Level 10 Level 11 Level 12 Level 13 Level 14 Level 15 <- You were here History has recorded: On T:1 you entered the Dungeons of Doom to retrieve the Amulet of Yendor! On T:4 you reached level 2 of The Dungeons of Doom. On T:6 you reached level 3 of The Dungeons of Doom. On T:8 you reached level 4 of The Dungeons of Doom. On T:10 you reached level 5 of The Dungeons of Doom. On T:13 you reached level 6 of The Dungeons of Doom. On T:15 you reached level 7 of The Dungeons of Doom. On T:17 you reached level 8 of The Dungeons of Doom. On T:19 you reached level 9 of The Dungeons of Doom. On T:22 you reached level 10 of The Dungeons of Doom. On T:25 you reached level 11 of The Dungeons of Doom. On T:28 you reached level 12 of The Dungeons of Doom. On T:30 you reached level 13 of The Dungeons of Doom. On T:32 you reached level 14 of The Dungeons of Doom. On T:34 you reached level 15 of The Dungeons of Doom. Score breakdown: Gold: 0 ( 0 points) Experience: 1 level ( 0 points) Exploration: 15 levels ( 420 points) Discoveries: 0 items ( 0 points) Variety of kills: 0 monsters ( 0 points) Major goal: (nothing yet) ( 0 points) Survival: died (score multiplied by 3) Total score: 1260 Latest messages: You start digging downward. You continue digging downward. You dig a pit in the floor. You continue digging downward. You dig a hole through the floor. You fall through... You start digging downward. You continue digging downward. You dig a pit in the floor. You continue digging downward. You dig a hole through the floor. You fall through... The jitterbug bites! You start digging downward. The jitterbug bites! (2x) You continue digging downward. You dig a pit in the floor. The jitterbug bites! (2x) You continue digging downward. As you dig, the hole fills with lava! You fall into the lava! Your Hawaiian shirt bursts into flame! You burn to a crisp... Final status: Aloha r e k t the Tourist, burned by molten lava... You burned in The Dungeons of Doom on dungeon level 15 with 1260 points, and 684 pieces of gold, after 37 moves. You were level 1 with a maximum of 9 hit points when you burned.